 Dungeon Crawl Stone Soup version 0.31.0 (webtiles) character file.

Game seed: 3187026948863342587

39 SnakkuSnakku7 the Chopper (level 3, 0/29 HPs)
             Began as a Formicid Cinder Acolyte on Jan 20, 2024.
             Was a High Priest of Ignis.
             Succumbed to an adder's poison
             ... on level 2 of the Dungeon.
             The game lasted 00:01:25 (988 turns).

SnakkuSnakku7 the Chopper (Formicid Cinder Acolyte)  Turns: 988, Time: 00:01:25

Health: 0/29       AC:  5    Str: 17 (20) XL:     3   Next: 70%
Magic:  4/4        EV:  9    Int: 10 (13) God:    Ignis [*****.]
Gold:   64         SH:  3    Dex:  8 (9)  Spells: 4/4 levels left

rFire   + . .        a - -1 hand axe (flame)
rCold   . . .        e - +0 buckler
rNeg    . . .        f - +0 ring mail
rPois   .            (helmet unavailable)
rElec   .            (no cloak)
rCorr   .            (no gloves)
SInv    +            (no boots)
Will    .....        (no amulet) Stlth
                     (no ring)
HPRegen 0.24/turn    (no ring)
MPRegen 0.09/turn

%: no passive effects
@: lethally poisoned (0 -> -13)
A: permanent stasis, dig shafts and tunnels, antennae 3, four strong arms
a: Dig, Shaft Self, Renounce Religion, Fiery Armour, Foxfire Swarm, Rising Flame


You were on level 2 of the Dungeon.
You worshipped Ignis.
Ignis was extremely pleased with you.
You visited 1 branch of the dungeon, and saw 2 of its levels.

You collected 64 gold pieces.

Inventory:

Hand Weapons
 a - a -1 hand axe of flaming (weapon)
Armour
 b - a +0 robe
 e - a +0 buckler (worn)
 f - a +0 ring mail (worn)
Scrolls
 c - 2 scrolls of vulnerability {unknown}
 d - 2 scrolls of enchant weapon {unknown}
 g - a scroll of poison {unknown}
 j - a scroll of torment {unknown}
Potions
 i - a potion of curing {unknown}


   Skills:
 - Level 3.2 Fighting
 + Level 4.4 Axes
 - Level 1.1 Spellcasting
 - Level 3.0 Fire Magic


You had 4 spell levels left.
You didn't know any spells.
Your spell library contained the following spells:

 Spells                   Type           Power      Damage    Failure   Level
 Scorch                   Fire           12%        2d5       36%         2
 Call Canine Familiar     Summ           0%         N/A       95%         3
 Sigil of Binding         Hex            0%         N/A       95%         3
 Dimensional Bullseye     Hex/Tloc       0%         N/A       100%        4


Dungeon Overview and Level Annotations

Branches:
Dungeon (2/15)

Altars:


Innate Abilities, Weirdness & Mutations

You cannot be hasted, slowed, berserked, paralysed or teleported.
You can dig through walls and to a lower floor.
You have a pair of large antennae on your head. (SInv)
Your four strong arms can wield two-handed weapons with a shield.


Message History

The giant cockroach is heavily wounded.
The giant cockroach bites you but does no damage.
You hit the giant cockroach. You burn the giant cockroach.
You kill the giant cockroach!
You see here a giant cockroach corpse.
Found 5 poisoned darts.
Found a stone staircase leading down.
An adder comes into view.
Found a hand axe.
The adder hisses angrily.
A hobgoblin comes into view.
There are monsters nearby!
The adder bites you but does no damage. The adder bites you.
You are poisoned.
The adder poisons you!
You closely miss the adder.
You feel sick. The adder bites you.
You are more poisoned.
The adder poisons you!
You hit the adder but do no damage.
You feel very sick. The adder closely misses you.
You barely miss the adder.
You feel sick. The adder bites you.
* * * LOW HITPOINT WARNING * * *
You are lethally poisoned!
The adder poisons you! The adder barely misses you.
You hit the adder. You burn the adder.
The adder is heavily wounded.
* * * LOW HITPOINT WARNING * * *
You feel very sick. The adder bites you but does no damage.
You hit the adder. You burn the adder.
The adder is almost dead.
* * * LOW HITPOINT WARNING * * *
You feel sick. The adder barely misses you. The adder bites you.
* * * LOW HITPOINT WARNING * * *
You are more poisoned.
The adder poisons you!
It was a potion of degeneration.
There was something very wrong with that liquid.
You feel weakened.
You feel dopey.
You feel clumsy.
You die...

#.# ...{ #.# #.# #.# ###
#.#.#.# ..# #.#.#(####
#.#.#.#.....S. #...
#<#.#@#.....>. #....
#.#.#S#.......
#.....#.#.#.#......g
######.....#†#.#.#.......
#..........+.#.#........)
.....#.....#.#.#.##......
...(...........#†........
.............#..†#.#.####
.............#.....#


You could see an adder.

Vanquished Creatures
  A ribbon worm (D:2)
  3 bats (D:1)
  2 endoplasms
  3 giant cockroaches
  2 goblins (D:1)
  3 hobgoblins (D:1)
  4 jackals (D:1)
  2 kobolds (D:1)
  4 quokkas
  3 ball pythons (D:1)
  2 frilled lizards
  2 rats (D:1)
31 creatures vanquished.

Notes
Turn   | Place    | Note
-------+----------+-------------------------------------------
     0 | D:1      | SnakkuSnakku7 the Formicid Cinder Acolyte began the quest
                  | for the Orb.
     0 | D:1      | Reached XP level 1. HP: 18/18 MP: 2/2
   136 | D:1      | Reached XP level 2. HP: 22/24 MP: 3/3
   663 | D:1      | Reached skill level 4 in Axes
   663 | D:1      | Reached XP level 3. HP: 25/29 MP: 4/4
   988 | D:2      | Succumbed to an adder's poison

Illustrated notes

Levels and vault maps discovered:
D:1:      dpeg_arrival_prison, layout_loops_corners,
          amcnicky_mini_rare_corridor_liquid
D:2:      minmay_skewed_foursquare, layout_basic,
          nicolae_ecumenical_lake_church, serial_bayou_lake_a

Skill      XL: |  1  2 |
---------------+-------+-----
Axes           | 4 |  4.4
Fighting       | |  3.2
Spellcasting   | |  1.1
Fire Magic     | |  3.0

Action                     || total
---------------------------++-------
  Melee: Hand axe          ||    99
    Use: Potion            ||     1
 Armour: Robe              ||    24
         Ring mail         ||    49
  Dodge: Dodged            ||    51
  Block: Buckler           ||    15
